 Dungeon Crawl Stone Soup version 0.18-a0-211-gcfb53b4 (console) character file.

4144 endege the Fighter (level 10, 0/101 HPs)
             Began as a Minotaur Fighter on Nov 24, 2015.
             Was an Initiate of Makhleb.
             Slain by a troll (11 damage)
             ... on level 9 of the Dungeon.
             The game lasted 00:58:21 (7814 turns).

endege the Fighter (Minotaur Fighter)               Turns: 7814, Time: 00:58:21

Health: 0/101      AC: 15    Str: 22    XL:     10   Next: 7%
Magic:  18/18      EV:  5    Int:  3    God:    Makhleb [......]
Gold:   400        SH: 12    Dex: 12    Spells: 0 memorised, 9 levels left

rFire  . . .     SeeInvis .     j - +4 long sword (vamp) {!w}
rCold  . . .     Clarity  +     h - +0 plate armour
rNeg   . . .     SustAt   .     c - +0 shield
rPois  .         Gourm    .     (helmet restricted)
rElec  .         Spirit   .     g - +0 cloak
rCorr  .         Warding  .     (no gloves)
rMut   .         Stasis   .     E - +0 pair of boots
MR     .....                    t - amulet of clarity {Clar, !d}
Stlth  ..........               D - ring of magical power {MP+9}
                                l - ring of stealth {Stlth+}

@: not resistant to hostile enchantments, extremely unstealthy
A: retaliatory headbutt, horns 2, dopey 1, MP-powered wands
a: Renounce Religion


You were on level 9 of the Dungeon.
You worshipped Makhleb.
Makhleb was noncommittal.
You were not hungry.

You visited 2 branches of the dungeon, and saw 10 of its levels.

You collected 400 gold pieces.

Inventory:

Hand Weapons
 j - a +4 vampiric long sword (weapon) {!w}
   (You found it on level 5 of the Dungeon)
Missiles
 u - a throwing net {=f, !d}
Armour
 b - a +2 robe of magic resistance
   (You took it off Pikel on level 8 of the Dungeon)
 c - a +0 shield (worn)
 g - a +0 cloak (worn)
   (You took it off Crazy Yiuf on level 6 of the Dungeon)
 h - a +0 plate armour (worn)
   (You found it on level 1 of the Dungeon)
 E - a +0 pair of boots (worn)
   (You found it on level 3 of the Dungeon)
Magical Staves
 y - an uncursed staff of cold {unknown}
   (You found it on level 9 of the Dungeon)
Jewellery
 l - a ring of stealth (left hand) {Stlth+}
   (You found it on level 4 of the Dungeon)
 t - an amulet of clarity (around neck) {Clar, !d}
   (You took it off a hobgoblin on level 2 of the Dungeon)
 D - a ring of magical power (right hand) {MP+9}
   (You found it on level 3 of the Dungeon)
Wands
 n - a wand of teleportation (2)
   (You took it off Grinder on level 3 of the Dungeon)
Scrolls
 a - a scroll of random uselessness {unknown}
 f - a scroll of fog
 k - 3 scrolls of magic mapping {!r}
 p - 3 scrolls of enchant weapon
 v - a scroll of teleportation
Potions
 d - 5 potions of might
 o - a potion of ambrosia
 q - a potion of magic
 r - a potion of haste
 s - 3 potions of flight
 w - a potion of berserk rage {unknown}
Comestibles
 e - 7 bread rations {@e1}
 i - 7 meat rations {@e2}
 x - 7 slices of pizza
 z - 2 beef jerkies
 A - 4 fruits


   Skills:
 * Level 13.6 Fighting
   Level 2.4 Polearms
 + Level 5.9 Armour
 + Level 10.3 Shields


You had 9 spell levels left.
You didn't know any spells.

Dungeon Overview and Level Annotations

Branches:
Dungeon (9/15)             Temple (1/1) D:6
   Lair: D:8-11         Orc: D:9-12

Altars:
Ashenzari
Cheibriados
Dithmenos
Elyvilon
Fedhas
Gozag
Kikubaaqudgha
Makhleb
Nemelex Xobeh
Okawaru
Qazlal
Ru
Sif Muna
Trog
Vehumet
Xom
Yredelemnul
Zin
The Shining One


Innate Abilities, Weirdness & Mutations

You reflexively headbutt those who attack you in melee.
You have a pair of horns on your head.
You are dopey. (Int -2)
You expend magic power (3 MP) to strengthen your wands.


Message History

The bolt of electricity hits you!
You miss the electric eel.
Your unstable footing causes you to fumble your attack.
You barely miss the electric eel.
The electric eel shoots out a bolt of lightning at you!
The bolt of electricity misses you.
The electric eel shoots out a bolt of lightning at you!
The bolt of electricity misses the electric eel.
The bolt of electricity misses you.
Your shield and plate armour prevent you from hitting the electric eel.
Your headbutt misses the electric eel. You slash the electric eel!
You kill the electric eel!
Makhleb accepts your kill.
Your unstable footing causes you to fumble your attack.
The electric eel shoots out a bolt of lightning at you!
The bolt of electricity hits you!
You take 4 damage, and have 48/100 hp.
Your unstable footing causes you to fumble your attack.
The electric eel shoots out a bolt of lightning at you!
The bolt of electricity hits you!
You closely miss the electric eel.
The electric eel shoots out a bolt of lightning at you!
The bolt of electricity hits you!
The electric eel shoots out a bolt of lightning at you!
The bolt of electricity hits you!
You take 12 damage, and have 37/100 hp.
Your unstable footing causes you to fumble your attack.
You barely miss the electric eel.
The electric eel shoots out a bolt of lightning at you!
The bolt of electricity hits you!
The electric eel shoots out a bolt of lightning at you!
The bolt of electricity hits you!
You take 3 damage, and have 34/100 hp.
You completely miss the electric eel.
Your unstable footing causes you to fumble your attack.
The electric eel shoots out a bolt of lightning at you!
The bolt of electricity hits you!
* * * LOW HITPOINT WARNING * * *
You take 10 damage, and have 24/100 hp.
Your unstable footing causes you to fumble your attack.
Your unstable footing causes you to fumble your attack.
The electric eel shoots out a bolt of lightning at you!
The bolt of electricity hits you!
* * * LOW HITPOINT WARNING * * *
You take 12 damage, and have 13/100 hp.
Your plate armour prevents you from hitting the electric eel.
Your headbutt misses the electric eel.
The electric eel shoots out a bolt of lightning at you!
The bolt of electricity hits you!
* * * LOW HITPOINT WARNING * * *
You take 12 damage, and have 1/100 hp.
Drink which item? (? for menu, Esc to quit)
You feel better.
You regained 7 hp, and now have 8/101 hp.
You start resting.
Eating a chunk of flesh {@w0}.
You continue eating. x2
A troll comes into view.
You regained 29 hp, and now have 38/101 hp.
You start resting.
You regained 17 hp, and now have 55/101 hp.
An electric eel is nearby!
An ogre comes into view. It is wielding a giant spiked club.
The ogre shouts!
You start resting.
You are too injured to fight recklessly!
You hit the ogre. You block the ogre's attack.
You hit the ogre.
The ogre hits you with a giant spiked club!
You take 16 damage, and have 43/101 hp.
You hit the ogre.
You feel better.
You regained 4 hp, and now have 47/101 hp.
You closely miss the ogre. You headbutt the ogre.
The ogre hits you with a giant spiked club!
You take 8 damage, and have 39/101 hp.
You hit the ogre.
You feel better.
You kill the ogre!
Makhleb accepts your kill.
The troll shouts!
You block the troll's attack. x3
Your shield and plate armour prevent you from hitting the troll.
Your headbutt misses the troll. You block the troll's attack.
The troll claws you! The troll claws you but does no damage.
You take 10 damage, and have 31/101 hp.
You hit the troll. Your headbutt misses the troll. The troll bites you!
* * * LOW HITPOINT WARNING * * *
The troll claws you but does no damage. The troll claws you.
* * * LOW HITPOINT WARNING * * *
The troll completely misses you. The troll claws you!
* * * LOW HITPOINT WARNING * * *
You block the troll's attack.
You take 19 damage, and have 12/101 hp.
Your plate armour prevents you from hitting the troll.
The troll bites you.
* * * LOW HITPOINT WARNING * * *
The troll closely misses you. You block the troll's attack.
You take 1 damage, and have 11/101 hp.
You closely miss the troll. Your headbutt misses the troll.
The troll bites you!
You die...

≈≈≈≈≈≈≈≈≈≈≈≈≈ ≈
≈≈≈≈≈≈≈≈≈≈≈≈≈ P≈≈
P≈≈;≈≈≈≈≈≈≈
♣♣≈≈≈≈≈P≈≈≈≈≈ ♣
#≈♣≈≈♣♣≈≈P≈≈ ≈♣ ♣≈
#.♣♣≈♣≈♣P≈♣♣♣♣♣≈♣♣♣.
##<#.#.♣PP≈♣≈≈♣≈#....
#..#.##.........#....
#..#.##O...##.....#..
#...#.##........####..
#.#.#@##...####.#...#.
#.#.#T##..## .......
..#.#.....### .......
#..#.#.#.....###.....T.
#.. .#.#####....>....♣♣
... .#.#####>.......≈≈P
#.#........♣♣♣≈≈≈P
(...###..♣♣≈≈≈P≈≈≈ ...
#..≈≈≈≈≈≈≈≈≈≈
#......♣≈≈≈P≈≈≈≈≈≈
#..#####P≈≈P≈≈≈P≈≈


You could see a troll.

Vanquished Creatures
  Pikel (D:8)
  2 orc warriors (D:8)
  Grinder (D:3)
  A human (D:8)
  A hippogriff (D:8)
  The ghost of DEFE the Ducker, an amateur SpFi of Gozag (D:3)
  2 ice beasts
  2 sky beasts
  The ghost of endege the Skirmisher, an amateur MiFi (D:4)
  A wasp (D:6)
  A necrophage (D:7)
  2 ogres
  2 centaurs (D:5)
  A phantom (D:6)
  A big kobold (D:7)
  2 giant frogs
  A wyvern zombie (D:7)
  4 killer bees (D:7)
  A wyvern skeleton (D:8)
  2 electric eels (D:9)
  4 crimson imps
  A centaur zombie (D:5)
  Crazy Yiuf (D:6)
  An orc priest (D:3)
  Ijyb (D:3)
  4 hounds
  2 giant frog skeletons
  A centaur skeleton (D:7)
  4 orc wizards
  3 iguanas
  3 worker ants
  4 sheep (D:8)
  2 hound zombies
  A hound skeleton (D:6)
  Robin (D:2)
  6 gnolls (D:4)
  12 adders
  A white imp (D:5)
  2 adder zombies
  2 oozes
  3 worms
  20 orcs
  5 bats
  17 goblins
  8 hobgoblins
  10 jackals
  8 kobolds
  A quokka (D:2)
  A ball python (D:3)
  7 giant cockroaches
  6 giant geckos
  6 giant newts
  A jackal skeleton (D:4)
  A jackal zombie (D:6)
  4 rats
  2 fungi (D:6)
  A plant (D:9)
187 creatures vanquished.

Vanquished Creatures (others)
  2 slaves (D:8)
  A giant frog (D:8)
  3 orcs (D:8)
  A giant gecko (D:8)
7 creatures vanquished.

Grand Total: 194 creatures vanquished

Notes
Turn   | Place    | Note
--------------------------------------------------------------
     0 | D:1      | endege the Minotaur Fighter began the quest for the Orb.
     0 | D:1      | Reached XP level 1. HP: 19/19 MP: 0/0
    39 | D:1      | Reached skill level 4 in Shields
    39 | D:1      | Reached XP level 2. HP: 20/27 MP: 1/1
   362 | D:1      | Reached XP level 3. HP: 34/34 MP: 2/2
   822 | D:2      | Noticed Robin
   830 | D:2      | Killed Robin
  1117 | D:2      | Found a faded altar to an unknown god.
  1404 | D:3      | Reached skill level 5 in Fighting
  1404 | D:3      | Reached XP level 4. HP: 40/42 MP: 3/3
  1442 | D:3      | Reached skill level 5 in Shields
  1449 | D:3      | Noticed Ijyb
  1456 | D:3      | Killed Ijyb
  1736 | D:3      | Reached XP level 5. HP: 47/50 MP: 4/4
  1771 | D:3      | Reached skill level 6 in Fighting
  1980 | D:3      | Noticed DEFE's ghost (amateur SpFi)
  2003 | D:3      | HP: 9/50 [DEFE's ghost (8)]
  2005 | D:3      | Killed DEFE's ghost
  2005 | D:3      | Reached XP level 6. HP: 10/58 MP: 5/5
  2329 | D:3      | Noticed Grinder
  2344 | D:3      | Paralysed by Grinder for 5 turns
  2353 | D:3      | Killed Grinder
  2353 | D:3      | Reached skill level 7 in Fighting
  2353 | D:3      | Reached skill level 6 in Shields
  2585 | D:3      | Reached skill level 8 in Fighting
  2585 | D:3      | Reached XP level 7. HP: 68/68 MP: 6/6
  2602 | D:3      | Gained mutation: You expend magic power (3 MP) to strengthen your wands. [potion of mutation]
  2602 | D:3      | Gained mutation: You are dopey. (Int -2) [potion of mutation]
  3255 | D:4      | Noticed endege's ghost (amateur MiFi)
  3272 | D:4      | Killed endege's ghost
  3272 | D:4      | Reached skill level 7 in Shields
  3276 | D:4      | Reached skill level 9 in Fighting
  3488 | D:5      | Entered Level 5 of the Dungeon
  3660 | D:5      | Reached XP level 8. HP: 36/79 MP: 7/7
  3880 | D:5      | Reached skill level 10 in Fighting
  3896 | D:5      | Reached skill level 8 in Shields
  4706 | D:6      | Found a staircase to the Ecumenical Temple.
  4722 | Temple   | Entered the Ecumenical Temple
  5028 | D:6      | Reached skill level 11 in Fighting
  5502 | D:6      | Noticed Crazy Yiuf
  5509 | D:6      | Killed Crazy Yiuf
  5852 | D:7      | Reached skill level 9 in Shields
  5852 | D:7      | Reached XP level 9. HP: 90/90 MP: 8/8
  5893 | D:7      | Reached skill level 12 in Fighting
  6219 | D:7      | Reached skill level 4 in Armour
  6281 | D:7      | Found a glowing silver altar of Zin.
  6282 | D:7      | Found a blossoming altar of Fedhas.
  6289 | D:7      | Found an opulent altar of Gozag.
  6290 | D:7      | Found a stormy altar of Qazlal.
  6290 | D:7      | Found a burning altar of Makhleb.
  6301 | D:7      | Found a sparkling altar of Nemelex Xobeh.
  6309 | D:7      | Became a worshipper of Makhleb the Destroyer
  6440 | D:8      | Noticed Pikel
  6457 | D:8      | Killed Pikel
  6667 | D:8      | Reached skill level 13 in Fighting
  6807 | D:8      | Reached skill level 5 in Armour
  6869 | D:8      | Noticed an orc warrior
  6890 | D:8      | Killed an orc warrior
  6890 | D:8      | Reached skill level 10 in Shields
  7048 | D:8      | Found a deep blue altar of Sif Muna.
  7194 | D:8      | Reached XP level 10. HP: 82/100 MP: 9/9
  7605 | D:9      | HP: 24/100 [electric eel/bolt of electricity (10)]
  7609 | D:9      | HP: 1/100 [electric eel/bolt of electricity (13)]
  7812 | D:9      | HP: 24/101 [troll (7)]
  7813 | D:9      | HP: 11/101 [troll (2)]
  7814 | D:9      | Slain by a troll

Vault maps used:
D:1:      dpeg_arrival_shrine, hex_large
D:2:      ecumenical_altar_2, minmay_door_square, uniq_robin
D:3:      uniq_iyjb, uniq_grinder
D:4:      first_bread, kennysheep_generic_room_15
D:5:      nrook_mini_backslash, st_stairs_1, supply_closet_lemuel,
          minmay_fire_ice_demons
D:6:      minmay_temple_entry_mist, uniq_crazy_yiuf_cottage
D:7:      minitemple
D:8:      led_sif_pool, grunt_livestock, eino_tiny_chamber, uniq_pikel
D:9:      basic_altar, serial_bayou, serial_bayou_pond_a, serial_bayou_ford_a,
          serial_bayou_crossing, serial_bayou_lake_a, serial_bayou_lagoon_a,
          lightli_minifort
Temple:   zaba_magenta_temple_12

Action                   |  1- 3 |  4- 6 |  7- 9 | 10-12 || total
-------------------------+-------+-------+-------+-------++-------
Melee: Trident           |   133 |   143 |   174 |       ||   450
       Long sword        |       |       |   281 |    51 ||   332
  Use: Potion            |       |     1 |     7 |     1 ||     9
       Scroll            |       |       |    19 |     1 ||    20
 Stab: Distracted        |       |       |     1 |       ||     1
       Invisible         |       |       |     1 |       ||     1
  Eat: Chunk             |     2 |     4 |    11 |     2 ||    19
       Fruit             |       |       |     6 |       ||     6
       Pizza             |       |       |     2 |       ||     2
       Beef jerky        |       |       |     1 |       ||     1

Vault maps used:
D:1:      dpeg_arrival_shrine, hex_large
D:2:      ecumenical_altar_2, minmay_door_square, uniq_robin
D:3:      uniq_iyjb, uniq_grinder
D:4:      first_bread, kennysheep_generic_room_15
D:5:      nrook_mini_backslash, st_stairs_1, supply_closet_lemuel,
          minmay_fire_ice_demons
D:6:      minmay_temple_entry_mist, uniq_crazy_yiuf_cottage
D:7:      minitemple
D:8:      led_sif_pool, grunt_livestock, eino_tiny_chamber, uniq_pikel
D:9:      basic_altar, serial_bayou, serial_bayou_pond_a, serial_bayou_ford_a,
          serial_bayou_crossing, serial_bayou_lake_a, serial_bayou_lagoon_a,
          lightli_minifort
Temple:   zaba_magenta_temple_12

Table legend:
 A = Turns spent in this place as a percentage of turns spent in the entire game.
 B = Non-inter-level travel turns spent in this place as a percentage of non-inter-level travel turns spent in the entire game.
 C = Inter-level travel turns spent in this place as a percentage of turns spent in this place.
 D = Turns resting spent in this place as a percentage of non-inter-level travel turns spent in this place.
 E = Turns spent auto-exploring this place as a percentage of non-inter-level travel turns spent in this place.
 F = Non-inter-level travel turns spent in this place divided by the number of levels of this place that you've seen.
                   A       B       C       D       E      F
               +-------+-------+-------+-------+-------+----------------------
         Total | 100.0 | 100.0 |   0.5 |   1.2 |   7.2 | 244.4
       Dungeon |  97.8 |  97.8 |   0.5 |   1.3 |   7.3 | 265.7
        Temple |   2.2 |   2.2 |   0.0 |   0.0 |   5.7 |  53.0
               +-------+-------+-------+-------+-------+----------------------

Table legend:
 A = Kills in this place as a percentage of kills in entire the game.
 B = Kills by you in this place as a percentage of kills by you in the entire game.
 C = Kills by friends in this place as a percentage of kills by friends in the entire game.
 D = Other kills in this place as a percentage of other kills in the entire game.
 E = Experience gained in this place as a percentage of experience gained in the entire game.
 F = Experience gained in this place divided by the number of levels of this place that you have seen.
                   A       B       C       D       E      F
               +-------+-------+-------+-------+-------+----------------------
         Total | 100.0 | 100.0 |  -nan |  -nan | 100.0 | 592.1
       Dungeon | 100.0 | 100.0 |  -nan |  -nan | 100.0 | 657.9
               +-------+-------+-------+-------+-------+----------------------
